 Dungeon Crawl Stone Soup version 0.27-a0-109-g416527ed24 (webtiles) character file.

Game seed: 2879138057580914944

11605 KristoblXynda the Covert (level 11, -5/99 HPs)
             Began as a Naga Berserker on Jan 24, 2021.
             Was an Elder of Trog.
             Slain by a boulder beetle (14 damage)
             ... on level 11 of the Dungeon.
             The game lasted 00:18:24 (14076 turns).

KristoblXynda the Covert (Naga Berserker)          Turns: 14076, Time: 00:18:25

Health: -5/99      AC: 20    Str: 25    XL:     11   Next: 80%
Magic:  11/11      EV:  9    Int: 11    God:    Trog [****..]
Gold:   672        SH:  0    Dex: 17    Spells: 10/10 levels left

rFire    + . .     SeeInvis +   w - +5 war axe (freeze)
rCold    . . .     Faith    .   (no shield)
rNeg     . . .     Spirit   .   l - +0 chain mail
rPois    +         Reflect  .   c - +0 helmet
rElec    .         Harm     .   E - scarf {repulsion}
rCorr    .         Rampage  .   k - +0 pair of gloves
Will     +....                  D - +2 barding {rF+}
Stlth    ++........             (no amulet)
HPRegen  0.26/turn              s - +6 ring of strength
MPRegen  0.12/turn              o - +6 ring of dexterity

@: berserk cooldown, slowed, repel missiles, very slow
A: large, see invisible, deformed body, poison resistance, slowness 2, spit
poison 1, AC +3
a: Spit Poison, Renounce Religion, Berserk, Trog's Hand, Brothers in Arms


You were on level 11 of the Dungeon.
You worshipped Trog.
Trog was greatly pleased with you.
You visited 2 branches of the dungeon, and saw 12 of its levels.

You collected 672 gold pieces.

Inventory:

Hand Weapons
 r - a +2 whip of flaming
 w - a +5 war axe of freezing (weapon)
 F - a +4 antimagic broad axe
Armour
 c - a +0 helmet (worn)
 d - a +0 buckler
 k - a +0 pair of gloves (worn)
 l - a +0 chain mail (worn)
 D - a +2 barding of fire resistance (worn)
 E - a scarf of repulsion (worn)
Jewellery
 n - a +6 ring of strength
 o - a +6 ring of dexterity (right hand)
 s - a +6 ring of strength (left hand)
 B - an uncursed ring of resist corrosion
 C - an uncursed ring of flight
Wands
 p - a wand of paralysis (8)
 A - a wand of digging (4)
 G - a wand of iceblast (9)
Scrolls
 b - 3 scrolls of enchant armour
 f - 5 scrolls of teleportation
 g - 3 scrolls of enchant weapon
 i - a scroll of immolation {unknown}
 m - 2 scrolls of amnesia
 q - a scroll of random uselessness {unknown}
 t - a scroll of magic mapping {unknown}
 x - a scroll of blinking {unknown}
 y - a scroll of fog {unknown}
 z - a scroll of summoning {unknown}
 H - a scroll of remove curse
Potions
 a - 2 potions of might {unknown}
 e - 3 potions of curing
 h - a potion of ambrosia {unknown}
 j - a potion of resistance
 u - a potion of flight
 v - 2 potions of magic


   Skills:
 + Level 6.5 Fighting
 + Level 9.7 Axes
 + Level 7.8 Armour
 + Level 7.9 Dodging
 - Level 10.8 Stealth
 + Level 2.1 Shields


You had 10 spell levels left.
You didn't know any spells.
Your spell library contained the following spells:

 Spells                   Type           Power        Failure   Level
 Sting                    Tmut/Pois      0%           89%         1
 Poisonous Vapours        Pois/Air       0%           96%         2
 Ignite Poison            Fire/Tmut/Pois 0%           99%         3
 Mephitic Cloud           Conj/Pois/Air  0%           99%         3
 Olgreb's Toxic Radiance  Pois           0%           100%        4


Dungeon Overview and Level Annotations

Branches:
Dungeon (11/15)            Temple (1/1) D:7            Lair (0/6) D:10
    Orc (0/2) D:10

Altars:
Ashenzari
Cheibriados
Dithmenos
Elyvilon
Fedhas
Gozag
Hepliaklqana
Kikubaaqudgha
Makhleb
Nemelex Xobeh
Okawaru
Qazlal
Ru
Sif Muna
Trog
Uskayaw
Vehumet
Wu Jian
Xom
Yredelemnul
Zin
The Shining One

Annotations:
D:9 exclusion: ice statue


Innate Abilities, Weirdness & Mutations

You cannot wear boots.
Your serpentine skin is tough. (AC +3)
You have supernaturally acute eyesight. (SInv)
Armour fits poorly on your strangely shaped body.
Your system is resistant to poisons. (rPois)
You cover ground very slowly.
You can spit poison.


Message History

Aim: an orc warrior, wielding a +0 morningstar and wearing a +0 chain mail (chance to affect: 46%)
The orc warrior resists with some effort.
The orc warrior hits you with a +0 morningstar!
* * * LOW HITPOINT WARNING * * *
The boulder beetle curls into a ball and begins rolling!
The orc barely misses you.
You feel better. The orc warrior barely misses you. The orc barely misses you.
The orc warrior barely misses you.
You feel better. The orc barely misses you.
The orc warrior hits you with a +0 morningstar.
* * * LOW HITPOINT WARNING * * *
The orc hits you but does no damage.
Unknown command.
You completely miss the orc.
Your chain mail prevents you from hitting the orc warrior.
The orc barely misses you.
The orc warrior hits you with a +0 morningstar.
* * * LOW HITPOINT WARNING * * *
The boulder beetle hits you!
You die...

...... #....?. (... ...)
..# ##.# ...^. ..##
####..#### ..... ..#
#........# ....°. #.#
#..).....#
.....°##.###........#
.....°o..............#
.....○o@)..†............
......B....#........###.
.....$#....#.!......#
.#..................#
.<#..##....#........#
#.... #$...#........#
###. .....###...... ..
......# #####


You could see a boulder beetle, an orc warrior and an orc.

Vanquished Creatures
  3 death yaks (D:10)
  2 two-headed ogres
  A skeletal warrior (D:10)
  Pikel (D:7)
  A centaur zombie (D:10)
  A gargoyle (D:11)
  Maggie (D:8)
  A troll (D:10)
  2 wyverns
  4 orc warriors
  10 ice beasts
  A sky beast (D:9)
  A phantom (D:5)
  10 ogres
  4 centaurs
  2 big kobolds (D:10)
  6 bullfrogs
  5 gnoll sergeants (D:10)
  A wyvern skeleton (D:6)
  3 scorpions
  13 killer bees
  3 wights (D:6)
  3 electric eels (D:9)
  A bullfrog zombie (D:9)
  3 jellies
  A bullfrog skeleton (D:8)
  8 orc priests
  4 hounds
  2 iguanas
  Ijyb (D:2)
  9 orc wizards
  A hell rat (D:10)
  5 worker ants
  A killer bee zombie (D:9)
  A hound zombie (D:6)
  A worker ant zombie (D:8)
  6 adders
  5 gnolls
  A howler monkey skeleton (D:4)
  3 shadow imps (D:8)
  2 oozes (D:3)
  4 adder skeletons
  2 adder zombies
  3 worms
  3 dart slugs
  3 leopard geckos
  50 orcs
  10 bats
  10 giant cockroaches
  16 goblins
  4 hobgoblins
  9 jackals
  2 quokkas
  2 ball pythons
  4 frilled lizards
  4 kobolds
  A leopard gecko zombie (D:5)
  A quokka skeleton (D:4)
  7 rats
269 creatures vanquished.

Vanquished Creatures (collateral kills)
  A skeletal warrior (D:10)
1 creature vanquished.

Grand Total: 270 creatures vanquished

Notes
Turn   | Place    | Note
-------+----------+-------------------------------------------
     0 | D:1      | KristoblXynda the Naga Berserker began the quest for the
                  | Orb.
     0 | D:1      | Reached XP level 1. HP: 21/21 MP: 1/1
   165 | D:1      | Reached skill level 1 in Stealth
   197 | D:1      | Reached XP level 2. HP: 24/28 MP: 2/2
  1201 | D:2      | Found a sacrificial altar of Ru.
  1201 | D:2      | Found a snail-covered altar of Cheibriados.
  1207 | D:2      | Found a broken altar of Ashenzari.
  1254 | D:2      | Found a white marble altar of Elyvilon.
  1255 | D:2      | Found a hazy altar of Hepliaklqana.
  1261 | D:2      | Reached XP level 3. HP: 32/34 MP: 3/3
  1315 | D:2      | Reached skill level 2 in Stealth
  1315 | D:2      | Reached ** piety under Trog
  1319 | D:2      | Found a sparkling altar of Nemelex Xobeh.
  1651 | D:2      | Noticed Ijyb
  1673 | D:2      | Killed Ijyb
  1674 | D:2      | Reached XP level 4. HP: 22/42 MP: 4/4
  1972 | D:2      | Reached skill level 3 in Stealth
  2302 | D:3      | Reached XP level 5. HP: 42/49 MP: 5/5
  2593 | D:3      | Found an iron altar of Okawaru.
  3054 | D:3      | Reached *** piety under Trog
  3055 | D:3      | Reached skill level 4 in Stealth
  3517 | D:3      | Reached XP level 6. HP: 56/56 MP: 6/6
  3864 | D:3      | Found a glowing golden altar of the Shining One.
  4899 | D:5      | Entered Level 5 of the Dungeon
  4907 | D:5      | Reached skill level 5 in Stealth
  4908 | D:5      | Reached XP level 7. HP: 62/62 MP: 7/7
  5471 | D:5      | Reached skill level 5 in Axes
  5471 | D:5      | Reached skill level 6 in Stealth
  5619 | D:5      | Reached **** piety under Trog
  6139 | D:6      | Reached XP level 8. HP: 65/69 MP: 8/8
  6199 | D:6      | Reached skill level 7 in Stealth
  6469 | D:6      | Found an ornate altar of the Wu Jian Council.
  6470 | D:6      | Found a stormy altar of Qazlal.
  6925 | D:7      | Reached skill level 8 in Stealth
  7382 | D:7      | Noticed Pikel
  7389 | D:7      | Killed Pikel
  7390 | D:7      | Reached skill level 5 in Armour
  7390 | D:7      | Reached skill level 5 in Dodging
  7390 | D:7      | Reached skill level 9 in Stealth
  7390 | D:7      | Reached XP level 9. HP: 75/75 MP: 9/9
  7439 | D:7      | Found a staircase to the Ecumenical Temple.
  7452 | Temple   | Entered the Ecumenical Temple
  7870 | D:8      | Noticed Maggie
  7883 | D:8      | Killed Maggie
  8257 | D:8      | Reached skill level 10 in Stealth
  8905 | D:8      | You fall into a shaft and drop 1 floor!
  9026 | D:8      | Reached XP level 10. HP: 54/84 MP: 10/10
 10138 | D:9      | Reached ***** piety under Trog
 10422 | D:9      | Noticed a two-headed ogre
 10431 | D:9      | Killed a two-headed ogre
 11257 | D:9      | Noticed an ice statue
 11911 | D:10     | Entered Level 10 of the Dungeon
 12286 | D:10     | Reached skill level 5 in Fighting
 12286 | D:10     | Reached XP level 11. HP: 84/94 MP: 11/11
 12398 | D:10     | Noticed a death yak
 12399 | D:10     | Noticed a death yak
 12400 | D:10     | Noticed a death yak
 12415 | D:10     | Killed a death yak
 12418 | D:10     | Killed a death yak
 12421 | D:10     | Killed a death yak
 12421 | D:10     | Received a gift from Trog
 12459 | D:10     | Identified a scroll of acquirement
 12459 | D:10     | Acquired a +1 barding of fire resistance
 12867 | D:10     | Found a staircase to the Lair.
 12883 | D:10     | Noticed a skeletal warrior
 13242 | D:10     | Found a staircase to the Orcish Mines.
 13275 | D:10     | Reached skill level 1 in Shields
 13719 | D:10     | Noticed a skeletal warrior
 13734 | D:10     | Killed a skeletal warrior
 13745 | D:10     | Killed a skeletal warrior
 13753 | D:10     | Noticed a death knight
 14051 | D:11     | Noticed a two-headed ogre
 14057 | D:11     | Noticed a boulder beetle
 14064 | D:11     | Killed a two-headed ogre
 14073 | D:11     | HP: 4/99 [orc warrior/+0 morningstar (11)]
 14076 | D:11     | Slain by a boulder beetle

Illustrated notes

Levels and vault maps discovered:
D:1:      heliophobic_arrival_henge, layout_basic, eino_curves_01,
          minmay_split_cup_small
D:2:      kennysheep_the_goblin_king, layout_loops_ring,
          nemelex_xobeh_ov_fountains_minmay, grunt_temple_overflow_open,
          chequers_temple_overflow_statue_of_worship
D:3:      layout_basic, nicolae_tso_swordbearing_angel, old_standard_altar,
          minmay_tree_intersection, minmay_cut_off
D:4:      layout_gridville
D:5:      layout_gridville
D:6:      layout_basic, nicolae_overflow_hidden_temple, corexii_leaking_fountain
D:7:      layout_basic, temple_hall, uniq_pikel
D:8:      layout_loops_cross, uniq_maggie
D:9:      minmay_twisted_water, layout_rooms, nicolae_benzene_ring
D:10:     layout_roguey, dpeg_lair_monsters,
          kennysheep_orc_monster_closet_entryway
D:11:     layout_rooms, eino_tiny_chamber
Temple:   minmay_temple_bridge_abc

Skill      XL: |  1  2  3  4  5  6  7  8  9 10 11 |
---------------+----------------------------------+-----
Stealth        | 1 2 3 4 5 6 9 10 | 10.8
Armour         | 2 3 5 7 |  7.8
Dodging        | 2 3 5 7 |  7.9
Axes           | 4 5 6 7 8 9 |  9.7
Fighting       | 5 6 |  6.5
Shields        | 2 |  2.1

Action                   |  1- 3 |  4- 6 |  7- 9 | 10-12 || total
-------------------------+-------+-------+-------+-------++-------
Melee: Hand axe          |   102 |   229 |       |       ||   331
       War axe           |       |    11 |   262 |   229 ||   502
       Broad axe         |       |       |       |     3 ||     3
Invok: Berserk           |     1 |     4 |     5 |     6 ||    16
       Brothers in Arms  |       |       |       |     1 ||     1
 Abil: Spit Poison       |       |       |       |     4 ||     4
       Evoke Flight      |       |       |       |     1 ||     1
Evoke: Wand              |       |       |       |     2 ||     2
  Use: Scroll            |       |     3 |     9 |     5 ||    17
       Potion            |       |       |     2 |     3 ||     5
 Stab: Sleeping          |       |     3 |     4 |     5 ||    12
Armor: Ring mail         |    57 |    91 |       |       ||   148
       Animal skin       |     2 |       |       |       ||     2
       Scale mail        |       |     6 |   139 |    24 ||   169
       Chain mail        |       |       |       |   121 ||   121
Dodge: Dodged            |    70 |   133 |   170 |   147 ||   520
       Repelled          |       |       |       |     3 ||     3

Table legend: (Time is in decaauts)
 A = Elapsed time spent in this place.
 B = Non-inter-level travel time spent in this place.
 C = Inter-level travel time spent in this place.
 D = Time resting spent in this place.
 E = Time spent auto-exploring this place.
 F = Levels seen in this place.
 G = Mean time per level.
                   A        B        C        D        E       F      G
               +--------+--------+--------+--------+--------+-----+--------+
         Total |  16702 |  16338 |    364 |   5925 |   7670 |  12 | 1391.8 |
       Dungeon |  16427 |  16077 |    350 |   5925 |   7430 |  11 | 1493.4 |
        Temple |    274 |    260 |     14 |      0 |    239 |   1 |  274.0 |
               +--------+--------+--------+--------+--------+-----+--------+

Top non-repeatable levels by time:
     D:9: 2574 daAuts
    D:10: 2356 daAuts
     D:3: 2154 daAuts
     D:8: 2101 daAuts
     D:1: 1580 daAuts
     D:2: 1319 daAuts
     D:5: 1288 daAuts
     D:4: 1117 daAuts
     D:7: 1018 daAuts
     D:6: 870 daAuts
  Temple: 274 daAuts
    D:11: 45 daAuts
